 Dungeon Crawl Stone Soup version 0.27-a0-920-gb2bd10914a (webtiles) character file.

Game seed: 1288413317910341835

394 Zeld the Skirmisher (level 6, -1/56 HPs)
             Began as a Hill Orc Fighter on Apr 9, 2021.
             Slain by an iguana (10 damage)
             ... on level 5 of the Dungeon.
             The game lasted 00:01:51 (3082 turns).

Zeld the Skirmisher (Hill Orc Fighter)              Turns: 3082, Time: 00:01:52

Health: -1/56      AC:  6    Str: 21    XL:     6   Next: 81%
Magic:  8/8        EV:  8    Int:  8    God:
Gold:   86         SH:  9    Dex: 10    Spells: 5/5 levels left

rFire    . . .     SeeInvis .   a - +0 war axe
rCold    . . .     Faith    .   c - +0 kite shield
rNeg     . . .     Spirit   .   b - +0 scale mail
rPois    .         Reflect  .   (no helmet)
rElec    .         Harm     .   (no cloak)
rCorr    .         Rampage  .   (no gloves)
Will     .....                  (no boots)
Stlth    ..........             (no amulet)
HPRegen  0.18/turn              (no ring)
MPRegen  0.11/turn              (no ring)

@: no status effects
A: no striking features
a: no special abilities


You were on level 5 of the Dungeon.
You visited 1 branch of the dungeon, and saw 4 of its levels.

You collected 86 gold pieces.

Inventory:

Hand Weapons
 a - a +0 war axe (weapon)
Armour
 b - a +0 scale mail (worn)
 c - a +0 kite shield (worn)
Scrolls
 e - a scroll of holy word {unknown}
 f - a scroll of noise {unknown}
 g - 2 scrolls of identify {unknown}
 h - a scroll of blinking {unknown}
Potions
 i - 2 potions of invisibility {unknown}
 j - a potion of lignification {unknown}


   Skills:
 * Level 5.1 Fighting
 * Level 4.7 Axes
 - Level 3.2 Armour
 * Level 2.2 Dodging
 - Level 3.2 Shields
 * Level 3.6 Invocations
 * Level 2.7 Evocations


You had 5 spell levels left.
You didn't know any spells.
Your spell library contained the following spells:

 Spells                   Type           Power      Damage    Failure   Level
 Corona                   Hex            0%         N/A       99%         1
 Magic Dart               Conj           0%         1d3       99%         1
 Blink                    Tloc           N/A        N/A       100%        2
 Call Imp                 Summ           0%         N/A       100%        2
 Ensorcelled Hibernation  Hex/Ice        0%         N/A       100%        2
 Slow                     Hex            0%         N/A       100%        2
 Confusing Touch          Hex            0%         N/A       100%        3
 Conjure Flame            Conj/Fire      0%         6-21      100%        3
 Dazzling Flash           Conj/Hex       0%         N/A       100%        3
 Mephitic Cloud           Conj/Pois/Air  0%         N/A       100%        3
 Tukima's Dance           Hex            0%         N/A       100%        3


Dungeon Overview and Level Annotations

Branches:
Dungeon (3/15)

Altars:

Annotations:
D:5 Pikel


Message History

You block the necrophage's attack. The necrophage closely misses you.
The lemure hits you!
Unknown command.
The lemure hits you but does no damage.
You slash the lemure!
The lemure is heavily wounded.
The lemure hits you but does no damage. The lemure hits you.
You hit the lemure but do no damage.
The lemure is heavily wounded.
You block the lemure's attack.
You slash the lemure!
The lemure is severely wounded.
You block the lemure's attack. The lemure closely misses you.
You slash the lemure!
You kill the lemure!
That felt strangely unrewarding.
The necrophage hits you.
You closely miss the necrophage.
The necrophage is severely damaged.
You block the necrophage's attack.
Unknown command.
You barely miss the necrophage.
The necrophage is severely damaged.
The necrophage hits you but does no damage.
The necrophage completely misses you.
You hit the necrophage.
The necrophage is almost destroyed.
You block the necrophage's attack.
You slash the necrophage!
You destroy the necrophage!
Your life force feels restored.
Your Fighting skill increases to level 5!
You barely miss the iguana. The iguana bites you!
The iguana closely misses you.
You closely miss the iguana. The iguana bites you.
You slash the iguana!
The iguana is severely wounded.
The iguana bites you!
* * * LOW HITPOINT WARNING * * *
The iguana bites you!
You die...

# . .# #. #. ##.
##. #.# #....## #@#
##..!... #l##
#.....###
#..###..........
##............ .# #
#..........# .#.#
#.........## .#.
#.........# ..
#.........# .###
#...#####.#####....


You could see an iguana.

Vanquished Creatures
  Sigmund (D:3)
  A necrophage (D:5)
  A lemure (D:5)
  A scorpion (D:5)
  4 gnolls
  An adder (D:2)
  A worm (D:2)
  A dart slug (D:3)
  2 endoplasms
  A giant cockroach (D:2)
  3 goblins
  7 hobgoblins
  3 kobolds
  4 quokkas
  4 ball pythons
  7 bats
  4 frilled lizards
  3 rats
49 creatures vanquished.

Notes
Turn   | Place    | Note
-------+----------+-------------------------------------------
     0 | D:1      | Zeld the Hill Orc Fighter began the quest for the Orb.
     0 | D:1      | Reached XP level 1. HP: 19/19 MP: 1/1
   316 | D:1      | Reached XP level 2. HP: 27/27 MP: 2/2
   567 | D:1      | Reached skill level 1 in Invocations
  1128 | D:2      | Reached XP level 3. HP: 31/33 MP: 3/3
  1246 | D:2      | You fall into a shaft and drop 1 floor!
  1265 | D:2      | Reached skill level 4 in Fighting
  1265 | D:2      | Reached skill level 1 in Evocations
  1389 | D:2      | Found a faded altar of an unknown god.
  2081 | D:3      | Noticed Sigmund
  2082 | D:3      | Reached skill level 1 in Dodging
  2083 | D:3      | Reached XP level 4. HP: 29/40 MP: 5/5
  2545 | D:3      | Killed Sigmund
  2546 | D:3      | Reached XP level 5. HP: 6/47 MP: 5/7
  2546 | D:3      | Reached XP level 6. HP: 7/55 MP: 5/8
  2967 | D:3      | You fall into a shaft and drop 2 floors!
  2967 | D:5      | Entered Level 5 of the Dungeon
  3047 | D:5      | Noticed Pikel
  3049 | D:5      | Noticed a necrophage
  3079 | D:5      | Killed a necrophage
  3080 | D:5      | Reached skill level 5 in Fighting
  3082 | D:5      | Slain by an iguana

Illustrated notes

Levels and vault maps discovered:
D:1:      minmay_arrival_solitary_statue, layout_basic
D:2:      layout_loops_ring, shapermc_ecumenical_altar_hornbeckon,
          roderic_lattice_a, st_stairs_14
D:3:      layout_basic, serial_shops, shop, uniq_sigmund, uniq_robin
D:5:      layout_loops_ring, kennysheep_mini_moat, tso_altar, uniq_edmund,
          uniq_pikel

Skill      XL: |  1  2  3  4  5  6 |
---------------+-------------------+-----
Axes           | 3 4 |  4.7
Invocations    | 1 3 |  3.6
Fighting       | 4 5 |  5.1
Evocations     | 1 2 |  2.7
Dodging        | 1 2 |  2.2
Armour         | |  3.2
Shields        | |  3.2

Action                   |  1- 3 |  4- 6 || total
-------------------------+-------+-------++-------
Melee: War axe           |    78 |    57 ||   135
  Use: Potion            |       |     2 ||     2
Armor: Scale mail        |    34 |    23 ||    57
Dodge: Dodged            |    17 |    31 ||    48
Block: Kite shield       |    42 |    43 ||    85

Table legend: (Time is in decaauts)
 A = Elapsed time spent in this place.
 B = Non-inter-level travel time spent in this place.
 C = Inter-level travel time spent in this place.
 D = Time resting spent in this place.
 E = Time spent auto-exploring this place.
 F = Levels seen in this place.
 G = Mean time per level.
                   A        B        C        D        E       F      G
               +--------+--------+--------+--------+--------+-----+--------+
         Total |   3165 |   3131 |     34 |    687 |   2054 |   4 |  791.2 |
       Dungeon |   3165 |   3131 |     34 |    687 |   2054 |   4 |  791.2 |
               +--------+--------+--------+--------+--------+-----+--------+

Top non-repeatable levels by time:
     D:2: 1878 daAuts
     D:1: 945 daAuts
     D:3: 213 daAuts
     D:5: 127 daAuts
